 Dungeon Crawl Stone Soup version 0.29-a0-553-g81b289dbe5 (webtiles) character file.

Game seed: 3095157529009744546

6 jifgo the Skirmisher (level 1, 0/15 HPs)
             Began as a Palentonga Abyssal Knight on June 6, 2022.
             Was a Believer of Lugonu.
             Slain by a goblin
             ... wielding a +0 club
              (1 damage)
             ... on level 1 of the Dungeon.
             The game lasted 00:01:59 (345 turns).

jifgo the Skirmisher (Palentonga Abyssal Knight)     Turns: 345, Time: 00:01:59

Health: 0/15       AC:  4    Str: 16    XL:     1   Next: 75%
Magic:  2/2        EV:  9    Int: 10    God:    Lugonu [**....]
Gold:   0          SH:  0    Dex: 10    Spells: 0/0 levels left

rFire   . . .      SeeInvis +   a - +1 mace
rCold   . . .      Faith    .   (no shield)
rNeg    . . .      Spirit   .   b - +0 leather armour
rPois   .          Reflect  .   (no helmet)
rElec   .          Harm     .   (no cloak)
rCorr   .          Rampage  .   (no gloves)
Will    .....                   (no barding)
Stlth   +.........              (no amulet)
HPRegen 0.05/turn               (no ring)
MPRegen 0.08/turn               (no ring)

@: no status effects
A: large, rugged brown scales 3, see invisible, deformed body, roll 1, armoured
tail, [frail 2]
a: Rolling Charge, Renounce Religion, Depart the Abyss, Bend Space


You were on level 1 of the Dungeon.
You worshipped Lugonu.
Lugonu was pleased with you.
You visited 1 branch of the dungeon, and saw 1 of its levels.
You visited the Abyss 1 time.

Inventory:

Hand Weapons
 a - a +1 mace (weapon)
Armour
 b - a +0 leather armour (worn)


   Skills:
 + Level 3.0 Fighting
 + Level 2.1 Maces & Flails
 + Level 1.6 Armour
 + Level 0.9 Dodging
 + Level 2.1 Invocations


You couldn't memorise any spells.
You didn't know any spells.
Your spell library was empty.

Dungeon Overview and Level Annotations

Branches:
Dungeon (1/15)

Altars:


Innate Abilities, Weirdness & Mutations

You are completely covered in rugged brown scales. (AC +3, +7% HP)
You have supernaturally acute eyesight. (SInv)
Armour fits poorly on your strangely shaped body.
You can roll at nearby foes to attack.
You have a long armoured tail.
[You are very frail. (-20% HP)]


Message History

The quokka bites you but does no damage.
You closely miss the quokka. The quokka barely misses you.
You barely miss the quokka.
Your tail-slap misses the quokka.
The quokka bites you. The quokka barely misses you.
You miss the quokka. The quokka bites you.
You barely miss the quokka.
You tail-slap the quokka, but do no damage.
The quokka barely misses you. The quokka closely misses you.
You barely miss the quokka. You tail-slap the quokka.
The quokka is heavily wounded.
The quokka bites you.
You barely miss the quokka.
The quokka is heavily wounded.
The quokka bites you but does no damage.
The quokka barely misses you.
You hit the quokka.
You kill the quokka!
Lugonu accepts your kill.
You completely miss the goblin. The goblin hits you with a +0 club.
The goblin barely misses you.
You completely miss the goblin. The goblin hits you but does no damage.
You hit the goblin.
The goblin is moderately wounded.
The goblin hits you with a +0 club.
You barely miss the goblin.
The goblin is moderately wounded.
The goblin barely misses you. The goblin hits you but does no damage.
You closely miss the goblin.
The goblin is moderately wounded.
The goblin misses you.
You hit the goblin but do no damage.
The goblin is moderately wounded.
The goblin hits you with a +0 club.
* * * LOW HITPOINT WARNING * * *
Unknown command.
Unknown command.
The goblin attacks as you move away! The goblin hits you with a +0 club.
* * * LOW HITPOINT WARNING * * *
The goblin attacks as you move away! The goblin hits you with a +0 club.
You die...

### #.. ..# ## #.# #.# #.
#.# #.# #. #.# #.# . #. #.#
##.#### ... #. #.# #......
.....#.###########.###..####
........w.g@..............>#
.....#.###.........###.#####
... #. #.#.####### #.#..). .
w. #.#.# #.#.### .## ###.#
#.#.# .. #.# #.#.# .. #.#
######.#.# ... #.#
[........# #.# .........#


You could see a dart slug and a goblin.

Vanquished Creatures
  A goblin (D:1)
  A hobgoblin (D:1)
  A quokka (D:1)
  3 kobolds (D:1)
6 creatures vanquished.

Notes
Turn   | Place    | Note
-------+----------+-------------------------------------------
     0 | Abyss:1  | jifgo the Palentonga Abyssal Knight began the quest for the
                  | Orb.
     0 | Abyss:1  | Reached XP level 1. HP: 19/19 MP: 2/2
    65 | Abyss:3  | Noticed a wretched star
    65 | Abyss:3  | Noticed an ancient zyme
    74 | Abyss:3  | Noticed a flying skull
    77 | Abyss:3  | Noticed a large abomination
    78 | Abyss:3  | Noticed a small abomination
    79 | D:1      | Escaped the Abyss
   329 | D:1      | Reached ** piety under Lugonu
   345 | D:1      | Slain by a goblin

Illustrated notes

Levels and vault maps discovered:
D:1:      kennysheep_arrival_forest, layout_basic,
          shapermc_ecumenical_altar_mp_highgroup

Action                   || total
-------------------------++-------
Melee: Mace              ||    29
       Tailslap          ||     2
Invok: Depart the Abyss  ||     1
 Abil: Rolling Charge    ||     2
Armor: Leather armour    ||    10
Dodge: Dodged            ||    13

Table legend: (Time is in decaauts)
 A = Elapsed time spent in this place.
 B = Non-inter-level travel time spent in this place.
 C = Inter-level travel time spent in this place.
 D = Time resting spent in this place.
 E = Time spent auto-exploring this place.
 F = Levels seen in this place.
 G = Mean time per level.
                   A        B        C        D        E       F      G
               +--------+--------+--------+--------+--------+-----+--------+
         Total |    353 |    353 |      0 |    112 |     90 |   4 |   88.2 |
       Dungeon |    274 |    274 |      0 |    112 |     90 |   1 |  274.0 |
         Abyss |     79 |     79 |      0 |      0 |      0 |   3 |   26.3 |
               +--------+--------+--------+--------+--------+-----+--------+

Top non-repeatable levels by time:
     D:1: 274 daAuts
 Abyss:3: 47 daAuts
 Abyss:2: 19 daAuts
 Abyss:1: 11 daAuts
